 Dungeon Crawl Stone Soup version 0.19.1-1-g22dce08 (webtiles) character file.

7378 dngmouse the Thaumaturge (level 10, -5/50 HPs)
             Began as a Deep Elf Wizard on Jan 19, 2017.
             Was a Priest of Vehumet.
             Slain by Exporg's ghost (22 damage)
             ... on level 9 of the Dungeon.
             The game lasted 01:26:47 (13406 turns).

dngmouse the Thaumaturge (Deep Elf Wizard)         Turns: 13406, Time: 01:26:48

Health: -5/50      AC:  8    Str:  8      XL:     10   Next: 92%
Magic:  21/30      EV: 14    Int: 26 (27) God:    Vehumet [***...]
Gold:   488        SH:  3    Dex: 12 (13) Spells: 7 memorised, 23 levels left

rFire  . . .     SeeInvis .     a - +10 dagger of Amorality {flame, *Noise +Blink +Rage}
rCold  + . .     Gourm    .     R - +2 robe "Cuoceam" {+Fly rPois Stlth+}
rNeg   . . .     Faith    .     w - +0 buckler
rPois  +         Spirit   .     p - +0 hat
rElec  +         Reflect  .     (no cloak)
rCorr  .         Harm     .     B - +2 pair of gloves
MR     +....                    J - +0 pair of boots
Stlth  +++.......               l - amulet of rage
                                E - ring of wizardry
                                n - ring of protection from cold

@: repel missiles
A: electricity resistance, strong 2
a: Renounce Religion, Evoke Blink, Evoke Berserk Rage, Evoke Flight


You were on level 9 of the Dungeon.
You worshipped Vehumet.
Vehumet was most pleased with you.
You were hungry.

You visited 2 branches of the dungeon, and saw 10 of its levels.

You collected 488 gold pieces.

Inventory:

Hand Weapons
 a - the +10 dagger of Amorality (weapon) {flame, *Noise +Blink +Rage}
   (You found it on level 4 of the Dungeon)

   It has been specially enchanted to burn those struck by it, causing extra
   injury to most foes and up to half again as much damage against particularly
   susceptible opponents.
   It lets you blink.
   It lets you go berserk.
   It may make noises in combat.
 b - the +8 spear of Destruction {freeze, rF- Dex+3 Stlth+}
   (You found it on level 8 of the Dungeon)

   It has been specially enchanted to freeze those struck by it, causing extra
   injury to most foes and up to half again as much damage against particularly
   susceptible opponents.
   It can also slow down cold-blooded creatures.
   It affects your dexterity (+3).
   It makes you vulnerable to fire.
   It makes you more stealthy.
 c - a +0 dagger of holy wrath
 d - a +4 trident
Armour
 o - a +2 robe of magic resistance
 p - a +0 hat (worn)
 w - a +0 buckler (worn)
 B - a +2 pair of gloves (worn)
 C - a +0 robe of fire resistance
 G - a +2 robe of positive energy
 J - a +0 pair of boots (worn)
 R - the +2 robe "Cuoceam" (worn) {+Fly rPois Stlth+}
   (You found it on level 9 of the Dungeon)

   It protects you from poison.
   It lets you fly.
   It makes you more stealthy.
Jewellery
 l - an amulet of rage (around neck)
 n - a ring of protection from cold (left hand)
 q - an uncursed amulet of faith
 y - an uncursed ring of poison resistance
 E - a ring of wizardry (right hand)
 N - an uncursed ring of ice
Wands
 g - a wand of enslavement (20/24)
 M - a wand of polymorph (8/24)
Scrolls
 f - 2 scrolls of identify
 i - a scroll of amnesia
 j - a scroll of remove curse
 t - 2 scrolls of fog
 H - 3 scrolls of noise {unknown}
 O - a scroll of teleportation
 Q - a scroll of enchant armour {unknown}
Potions
 e - 2 potions of agility
 h - a potion of heal wounds
 r - a potion of resistance
 v - a potion of lignification
 A - a potion of invisibility
 D - a potion of might
 F - a potion of flight
 I - 2 potions of cure mutation
 L - a potion of magic {unknown}
 P - a potion of haste
 S - a potion of curing
Books
 u - a book of Minor Magic

   Spells                             Type                      Level
   a - Magic Dart                     Conjuration                  1
   b - Blink                          Translocation                2
   c - Call Imp                       Summoning                    2
   d - Repel Missiles                 Charms/Air                   2
   e - Slow                           Hexes                        2
   f - Conjure Flame                  Conjuration/Fire             3
   g - Mephitic Cloud                 Conjuration/Poison/Air       3
 z - a book of Cantrips

   Spells                             Type                      Level
   a - Confusing Touch                Hexes                        1
   b - Animate Skeleton               Necromancy                   1
   c - Summon Small Mammal            Summoning                    1
   d - Apportation                    Translocation                1
Comestibles
 k - 9 royal jellies
 m - 3 beef jerkies
 s - 2 meat rations
 x - 4 bread rations
 K - 3 fruits


   Skills:
 + Level 5.2 Dodging
 - Level 2.4 Stealth
 - Level 1.0 Shields
 * Level 14.5 Spellcasting
 + Level 8.9 Conjurations
   Level 1.1 Summonings
 - Level 3.5 Translocations
 - Level 7.7 Fire Magic
 - Level 3.2 Air Magic


You had 23 spell levels left.
You knew the following spells:

 Your Spells              Type           Power        Failure   Level  Hunger
a - Magic Dart            Conj           ####         1%          1    None
b - Blink                 Tloc           N/A          1%          2    None
c - Conjure Flame         Conj/Fire      ######..     1%          3    None
d - Mephitic Cloud        Conj/Pois/Air  #####...     1%          3    None
e - Repel Missiles        Chrm/Air       ####..       1%          2    None
f - Apportation           Tloc           #####.....   1%          1    None
g - Ignite Poison         Fire/Tmut/Pois ####....     1%          3    None


Dungeon Overview and Level Annotations

Branches:
Dungeon (9/15)             Temple (1/1) D:6
   Lair: D:8-11         Orc: D:9-12

Altars:
Ashenzari
Cheibriados
Dithmenos
Elyvilon
Fedhas
Kikubaaqudgha
Makhleb
Nemelex Xobeh
Okawaru
Qazlal
Ru
Sif Muna
Trog
Uskayaw
Vehumet
Xom
Yredelemnul
Zin

Shops:
D:4 (   D:7 (

Annotations:
D:9 Exporg's ghost, novice MiFi


Innate Abilities, Weirdness & Mutations

You are resistant to electric shocks. (rElec)
Your muscles are very strong. (Str +4)


Message History

Exporg's ghost is severely damaged.
Exporg's ghost is engulfed in roaring flames.
Exporg's ghost screams, "What do you have that I didn't have?"
Exporg's ghost hits you.
You hit Exporg's ghost but do no damage.
Exporg's ghost is severely damaged.
Exporg's ghost hits you.
You hit Exporg's ghost. You burn Exporg's ghost.
Exporg's ghost is severely damaged.
Exporg's ghost is engulfed in roaring flames.
Exporg's ghost hits you.
You hit Exporg's ghost. You burn Exporg's ghost.
Exporg's ghost is almost destroyed.
Exporg's ghost is engulfed in roaring flames.
Exporg's ghost closely misses you.
You barely miss Exporg's ghost.
You hear someone calling for help!
Exporg's ghost is almost destroyed.
Exporg's ghost hits you!!
You die...

#..# #..# #..#
#######..#
.........#
.........#
......§..#
......W@.#
#######..# #..#
################..#
..†...............#
..................#
###################


You could see Exporg's ghost.

Vanquished Creatures
  Pikel (D:8)
  Psyche (D:8)
  A kobold demonologist (D:8)
  3 hornets (D:8)
  A hippogriff (D:7)
  A shadow (D:9)
  5 yaks (D:9)
  Grum (D:8)
  A steam dragon (D:8)
  Menkaure (D:5)
  A soldier ant (D:8)
  2 water moccasins (D:8)
  An ice beast (D:5)
  2 sky beasts
  An orc warrior (D:7)
  4 slaves (D:8)
  A necrophage (D:8)
  5 centaurs
  3 ogres (D:8)
  2 wolves (D:8)
  8 big kobolds (D:8)
  6 bullfrogs
  A wyvern zombie (D:9)
  A scorpion (D:9)
  A howler monkey (D:8)
  An electric eel (D:8)
  3 crimson imps
  2 jellies
  A centaur zombie (D:7)
  2 centaur skeletons
  8 hounds
  5 orc priests
  16 orc wizards
  2 bullfrog skeletons
  A gnoll shaman (D:4)
  6 iguanas
  5 worker ants
  3 hound skeletons
  A worker ant zombie (D:8)
  3 gnolls (D:4)
  13 adders
  5 shadow imps
  An adder skeleton (D:9)
  An adder zombie (D:7)
  3 dart slugs
  2 leopard geckos (D:3)
  34 orcs
  2 ball pythons
  7 bats
  7 giant cockroaches
  5 goblins
  12 hobgoblins
  13 jackals
  7 quokkas
  7 frilled lizards
  22 kobolds
  6 rats
261 creatures vanquished.

Notes
Turn   | Place    | Note
-------+----------+-------------------------------------------
     0 | D:1      | dngmouse the Deep Elf Wizard began the quest for the Orb.
     0 | D:1      | Reached XP level 1. HP: 10/10 MP: 7/7
   205 | D:1      | Reached XP level 2. HP: 15/15 MP: 1/9
   210 | D:1      | Learned a level 2 spell: Blink
   960 | D:1      | Reached XP level 3. HP: 19/19 MP: 9/11
  1378 | D:2      | Reached skill level 5 in Spellcasting
  1632 | D:2      | Reached XP level 4. HP: 20/24 MP: 4/13
  1651 | D:2      | Learned a level 3 spell: Conjure Flame
  1655 | D:2      | Learned a level 3 spell: Mephitic Cloud
  1658 | D:2      | Learned a level 2 spell: Repel Missiles
  1773 | D:2      | Found a white marble altar of Elyvilon.
  1982 | D:2      | Found a shimmering altar of Xom.
  1986 | D:2      | Found a stormy altar of Qazlal.
  2156 | D:2      | Found a burning altar of Makhleb.
  2159 | D:2      | Found a shadowy altar of Dithmenos.
  2637 | D:3      | Reached skill level 1 in Air Magic
  2799 | D:3      | Reached skill level 1 in Fire Magic
  2811 | D:3      | Reached XP level 5. HP: 28/28 MP: 11/15
  3430 | D:4      | Reached skill level 6 in Spellcasting
  3693 | D:4      | Found Guilait's Weapon Shoppe.
  3724 | D:4      | Learned a level 1 spell: Apportation
  3766 | D:4      | Reached XP level 6. HP: 32/32 MP: 4/17
  4500 | D:4      | Got an encrusted dagger
  4501 | D:4      | Identified the +10 dagger of Amorality {flame, *Noise +Blink +Rage} (You found it on level 4 of the Dungeon)
  4530 | D:4      | Reached skill level 7 in Spellcasting
  4580 | D:4      | Found a bloodstained altar of Trog.
  4744 | D:5      | Entered Level 5 of the Dungeon
  5461 | D:5      | Found an ancient bone altar of Kikubaaqudgha.
  5547 | D:5      | Found an ancient bone altar of Kikubaaqudgha.
  5547 | D:5      | Found a glowing silver altar of Zin.
  5597 | D:5      | Reached XP level 7. HP: 29/36 MP: 13/20
  5770 | D:5      | Reached skill level 1 in Shields
  5881 | D:4      | Reached skill level 8 in Spellcasting
  6354 | D:5      | Found a sparkling altar of Nemelex Xobeh.
  6624 | D:5      | Noticed Menkaure
  6635 | D:5      | Killed Menkaure
  6635 | D:5      | Reached skill level 9 in Spellcasting
  6635 | D:5      | Reached skill level 5 in Conjurations
  6635 | D:5      | Reached XP level 8. HP: 32/41 MP: 12/23
  6958 | D:5      | Gained mutation: Your muscles are strong. (Str +2) [potion of mutation]
  6958 | D:5      | Gained mutation: You are resistant to electric shocks. (rElec) [potion of mutation]
  6958 | D:5      | Gained mutation: Your muscles are very strong. (Str +4) [potion of mutation]
  7156 | D:6      | Found a staircase to the Ecumenical Temple.
  7164 | Temple   | Entered the Ecumenical Temple
  7206 | Temple   | Became a worshipper of Vehumet
  7643 | D:6      | Reached skill level 10 in Spellcasting
  8235 | D:6      | Reached skill level 5 in Fire Magic
  8387 | D:6      | Reached XP level 9. HP: 36/45 MP: 22/25
  8411 | D:7      | Reached * piety under Vehumet
  8411 | D:7      | Offered knowledge of Freeze by Vehumet.
  8753 | D:7      | Reached skill level 11 in Spellcasting
  8762 | D:7      | Found Esaivekk's Weapon Boutique.
  9228 | D:8      | Noticed Grum
  9245 | D:8      | Killed Grum
  9478 | D:8      | Reached skill level 12 in Spellcasting
  9560 | D:8      | Offered knowledge of Flame Tongue by Vehumet.
  9567 | D:8      | Noticed a kobold demonologist
  9568 | D:8      | Reached ** piety under Vehumet
  9855 | D:8      | Got a brightly glowing spear
  9857 | D:8      | Identified the +8 spear of Destruction {freeze, rF- Dex+3 Stlth+} (You found it on level 8 of the Dungeon)
 10218 | D:8      | Noticed Pikel
 10283 | D:8      | Killed Pikel
 10283 | D:8      | Reached XP level 10. HP: 50/50 MP: 9/28
 10433 | D:8      | Reached skill level 13 in Spellcasting
 10578 | D:8      | Noticed Psyche
 10753 | D:8      | Killed Psyche
 11849 | D:8      | Offered knowledge of Ignite Poison by Vehumet.
 11854 | D:8      | Learned a level 3 spell: Ignite Poison
 12194 | D:8      | Paralysed by a hornet for 2 turns
 12284 | D:9      | Reached skill level 14 in Spellcasting
 12288 | D:9      | Reached *** piety under Vehumet
 12313 | D:9      | Reached skill level 5 in Dodging
 12331 | D:9      | Noticed Exporg's ghost (novice MiFi)
 13085 | D:9      | Got a shimmering robe
 13096 | D:9      | Identified the +2 robe "Cuoceam" {+Fly rPois Stlth+} (You found it on level 9 of the Dungeon)
 13120 | D:9      | Offered knowledge of Olgreb's Toxic Radiance by Vehumet.
 13406 | D:9      | Slain by Exporg's ghost

Skill      XL: |  1  2  3  4  5  6  7  8  9 10 |
---------------+-------------------------------+-----
Conjurations   | 2 3 4 5 6 7 8 |  8.9
Spellcasting   | 5 6 7 9 10 12 14 | 14.5
Translocations | 2 3 |  3.5
Air Magic      | 1 3 |  3.2
Fire Magic     | 1 2 3 5 6 7 |  7.7
Shields        | 1 |  1.0
Dodging        | 5 |  5.2
Stealth        | |  2.4
Summonings     | |  1.1

Action                   |  1- 3 |  4- 6 |  7- 9 | 10-12 || total
-------------------------+-------+-------+-------+-------++-------
Melee: Trident           |       |    23 |       |       ||    23
       Dagger            |       |     5 |   123 |    74 ||   202
       Spear             |       |       |     3 |       ||     3
 Cast: Magic Dart        |    89 |   178 |   325 |   139 ||   731
       Blink             |     1 |     5 |     6 |     9 ||    21
       Repel Missiles    |       |     1 |     6 |       ||     7
       Mephitic Cloud    |       |    11 |    50 |    46 ||   107
       Conjure Flame     |       |    10 |    12 |    15 ||    37
       Apportation       |       |     2 |     4 |     8 ||    14
       Ignite Poison     |       |       |       |    13 ||    13
  Use: Scroll            |       |       |    19 |     1 ||    20
       Potion            |       |       |     5 |     2 ||     7
 Stab: Confused          |       |     1 |     6 |     3 ||    10
  Eat: Chunk             |     2 |    12 |    14 |     8 ||    36
       Beef jerky        |       |       |       |     1 ||     1
Armor: Robe              |     1 |     5 |    41 |    37 ||    84
       Skin              |       |       |       |     5 ||     5
Dodge: Dodged            |    24 |    30 |    90 |    61 ||   205
       Deflected         |       |     3 |    13 |     2 ||    18
Block: Buckler           |       |     3 |    32 |    13 ||    48
